 Dungeon Crawl Stone Soup version 0.19-a0-905-ge5e6a15 (webtiles) character file.

77254 magipi the Basher (level 15, -6/88 HPs)
             Began as a Gargoyle Ice Elementalist on July 4, 2016.
             Was the Champion of Kikubaaqudgha.
             Mangled by a spriggan rider
             ... wielding a +0 spear
              (16 damage)
             ... on level 3 of the Swamp on July 5, 2016.
             The game lasted 03:46:59 (29347 turns).

magipi the Basher (Gargoyle Ice Elementalist)      Turns: 29347, Time: 03:47:00

Health: -6/88      AC: 31    Str: 14    XL:     15   Next: 56%
Magic:  19/26      EV: 17    Int: 19    God:    Kikubaaqudgha [******]
Gold:   1086       SH:  0    Dex: 11    Spells: 9 memorised, 1 level left

rFire  + . .     SeeInvis .     a - +5 whip (elec)
rCold  + . .     Gourm    .     s - +1 leather armour {rF+}
rNeg   + . .     Faith    .     (no shield)
rPois  ∞         Spirit   .     n - +1 helmet
rElec  +         Dismiss  .     h - +1 cloak
rCorr  .         Reflect  .     T - +1 pair of gloves
SustAt .         Harm     .     (no boots)
MR     +....                    r - amulet of regeneration
Stlth  +++.......               u - +3 ring of protection
                                c - ring of protection from cold

@: icy armour (expiring), flying, slow, somewhat resistant to hostile
enchantments, fairly stealthy
A: big wings, negative energy resistance 1, electricity resistance, unbreathing,
petrification resistance, rot immunity, AC +11
a: Stop Flying, Receive Corpses, Torment, Brand Weapon With Pain, Receive
Necronomicon, Renounce Religion


You were on level 3 of the Swamp.
You worshipped Kikubaaqudgha.
Kikubaaqudgha was exalted by your worship.
You were hungry.

You visited 5 branches of the dungeon, and saw 27 of its levels.
You also visited: Ice Cave.

You collected 2284 gold pieces.
You spent 1198 gold pieces at shops.

Notes
Turn   | Place    | Note
-------+----------+-------------------------------------------
     0 | D:1      | magipi the Gargoyle Ice Elementalist began the quest for the Orb.
     0 | D:1      | Reached XP level 1. HP: 10/10 MP: 3/3
   231 | D:1      | Reached XP level 2. HP: 15/15 MP: 3/5
   522 | D:1      | Reached XP level 3. HP: 19/19 MP: 2/6
  1049 | D:2      | Learned a level 3 spell: Ozocubu's Armour
  1218 | D:2      | Reached XP level 4. HP: 24/24 MP: 5/7
  1763 | D:3      | Reached skill level 5 in Ice Magic
  1938 | D:3      | Noticed Grinder
  1938 | D:3      | Paralysed by Grinder for 6 turns
  2075 | D:3      | Reached skill level 1 in Charms
  2325 | D:3      | Reached XP level 5. HP: 28/28 MP: 4/8
  2625 | D:4      | Reached XP level 6. HP: 18/32 MP: 2/10
  2782 | D:4      | Noticed a phantom
  2791 | D:5      | Entered Level 5 of the Dungeon
  3047 | D:5      | Learned a level 4 spell: Summon Ice Beast
  3092 | D:5      | Noticed a phantom
  3203 | D:4      | Reached XP level 7. HP: 36/36 MP: 8/12
  3219 | D:4      | Reached skill level 1 in Summonings
  3375 | D:4      | Found Oryboocy's General Store.
  3383 | D:4      | Bought a potion of lignification for 30 gold pieces
  3383 | D:4      | Bought a potion of might for 40 gold pieces
  3880 | D:5      | Found a staircase to the Ecumenical Temple.
  3892 | Temple   | Entered the Ecumenical Temple
  3937 | Temple   | Became a worshipper of Kikubaaqudgha
  4211 | D:5      | Found a basalt altar of Yredelemnul.
  4211 | D:5      | Found a radiant altar of Vehumet.
  4212 | D:5      | Found a burning altar of Makhleb.
  4254 | D:5      | Found a sparkling altar of Nemelex Xobeh.
  4330 | D:6      | Noticed mopl's ghost (novice HOWn)
  4433 | D:6      | Reached XP level 8. HP: 34/41 MP: 5/13
  4532 | D:6      | Reached skill level 5 in Summonings
  4822 | D:6      | Found a snail-covered altar of Cheibriados.
  5091 | D:7      | Reached skill level 1 in Maces & Flails
  5359 | D:7      | Reached skill level 2 in Maces & Flails
  5442 | D:7      | Found an oddly glowing altar of Pakellas.
  5501 | D:7      | Got a spiked leather armour
  5512 | D:7      | Identified the +2 leather armour of Intuition {rPois MR+} (You found it on level 7 of the Dungeon)
  5632 | D:7      | Reached skill level 3 in Maces & Flails
  5839 | D:7      | Reached skill level 5 in Spellcasting
  5904 | D:7      | Reached skill level 4 in Maces & Flails
  5986 | D:7      | Reached XP level 9. HP: 45/45 MP: 16/16
  6011 | D:7      | Reached * piety under Kikubaaqudgha
  6011 | D:7      | Received a gift from Kikubaaqudgha
  6039 | D:7      | Identified Kikubaaqudgha's Compendium of Black Rites (Kikubaaqudgha gifted it to you on level 7 of the Dungeon)
  6046 | D:7      | Learned a level 1 spell: Animate Skeleton
  6300 | D:8      | Reached skill level 1 in Necromancy
  6583 | D:8      | Reached skill level 5 in Maces & Flails
  6604 | D:8      | Noticed a six-headed hydra
  7103 | D:8      | Reached ** piety under Kikubaaqudgha
  7116 | D:8      | Reached skill level 6 in Maces & Flails
  7451 | D:8      | Reached XP level 10. HP: 46/50 MP: 18/18
  7475 | D:8      | Reached skill level 7 in Maces & Flails
  7863 | D:8      | Killed a six-headed hydra
  7863 | D:8      | Reached skill level 5 in Necromancy
  8485 | D:10     | Entered Level 10 of the Dungeon
  8534 | D:10     | Reached skill level 8 in Maces & Flails
  8552 | D:10     | Reached *** piety under Kikubaaqudgha
  8552 | D:10     | Received a gift from Kikubaaqudgha
  8557 | D:10     | Identified Kikubaaqudgha's Collected Works on Stolen Souls (Kikubaaqudgha gifted it to you on level 10 of the Dungeon)
  8563 | D:10     | Learned a level 4 spell: Animate Dead
  9099 | D:10     | Found a portal to a secret trove of treasure.
  9171 | D:10     | Reached skill level 1 in Fighting
  9252 | D:10     | Found Quirgh's Jewellery Emporium.
  9255 | D:10     | Bought a cursed amulet of inaccuracy for 26 gold pieces
  9255 | D:10     | Bought a cursed ring of teleportation for 58 gold pieces
  9686 | D:10     | Found a staircase to the Lair.
 10170 | D:11     | Noticed Josephine
 10225 | D:11     | Noticed a cyclops
 10242 | D:11     | Reached **** piety under Kikubaaqudgha
 10454 | D:11     | Noticed a hill giant
 10456 | D:11     | Noticed a cyclops
 10472 | D:11     | Noticed a cyclops
 10544 | D:11     | Killed a cyclops
 10988 | D:11     | Reached XP level 11. HP: 60/60 MP: 6/19
 11253 | D:11     | Killed a cyclops
 11364 | D:11     | Killed a hill giant
 11371 | D:11     | Killed Josephine
 11482 | D:11     | Killed a cyclops
 11482 | D:11     | Reached skill level 5 in Fighting
 11832 | D:12     | Found a staircase to the Orcish Mines.
 12145 | D:12     | Noticed a brown ugly thing
 12221 | D:12     | Killed a brown ugly thing
 12265 | D:12     | Reached ***** piety under Kikubaaqudgha
 12934 | D:12     | Noticed a five-headed hydra
 13101 | D:12     | Upgraded the game from 0.19-a0-892-g8a19e52 to 0.19-a0-905-ge5e6a15
 13185 | D:12     | Killed a five-headed hydra
 13729 | Lair:1   | Entered Level 1 of the Lair of Beasts
 13747 | Lair:1   | Learned a level 4 spell: Summon Lightning Spire
 13754 | Lair:1   | Learned a level 3 spell: Regeneration
 13834 | Lair:1   | Got a crude leather armour
 13872 | Lair:1   | Identified the +0 leather armour of Zin's Hatred {rElec MR+ SInv} (You found it on level 1 of the Lair of Beasts)
 14081 | Lair:1   | Noticed a griffon
 14093 | Lair:1   | Killed a griffon
 14292 | Lair:1   | Identified a scroll of acquirement
 14317 | Lair:1   | Reached XP level 12. HP: 71/72 MP: 8/20
 14653 | Lair:2   | Learned a level 1 spell: Apportation
 14771 | Lair:2   | Reached skill level 1 in Air Magic
 14794 | Lair:2   | Reached skill level 5 in Dodging
 14921 | Lair:2   | Found a staircase to the Swamp.
 15746 | Lair:3   | Reached ****** piety under Kikubaaqudgha
 15750 | Lair:3   | Noticed a six-headed hydra
 15758 | Lair:3   | Killed a six-headed hydra
 16659 | Lair:4   | Found a hole to the Spider Nest.
 17409 | Lair:5   | Noticed a four-headed hydra
 17417 | Lair:5   | Killed a four-headed hydra
 17417 | Lair:5   | Reached skill level 5 in Air Magic
 17773 | Lair:5   | Noticed a six-headed hydra
 17786 | Lair:5   | Killed a six-headed hydra
 17786 | Lair:5   | Reached XP level 13. HP: 78/78 MP: 6/21
 18073 | Lair:6   | Entered Level 6 of the Lair of Beasts
 18120 | Lair:6   | Found a frozen archway.
 18184 | IceCv    | Entered an ice cave
 18629 | IceCv    | Reached skill level 9 in Maces & Flails
 19116 | IceCv    | Noticed a white draconian
 19185 | IceCv    | Killed a white draconian
 19575 | Lair:6   | Found a staircase to the Slime Pits.
 19714 | Lair:6   | Reached skill level 10 in Maces & Flails
 20468 | Lair:6   | Noticed Kirke
 20697 | Orc:1    | Entered Level 1 of the Orcish Mines
 20708 | Orc:1    | Reached skill level 11 in Maces & Flails
 20708 | Orc:1    | Reached skill level 10 in Dodging
 20790 | Orc:1    | Gained mutation: Your large and strong wings let you fly indefinitely. [Gargoyle growth]
 20790 | Orc:1    | Reached XP level 14. HP: 82/84 MP: 10/22
 20863 | Orc:2    | Entered Level 2 of the Orcish Mines
 20930 | Orc:2    | Found Culoovos's General Store.
 20978 | Orc:2    | Bought a potion of heal wounds for 65 gold pieces
 21037 | Orc:2    | Found a staircase to the Elven Halls.
 21102 | Orc:2    | Found a roughly hewn altar of Beogh.
 21299 | Orc:2    | Found a roughly hewn altar of Beogh.
 21326 | Orc:2    | Found Nethreesch's Magic Scroll Shoppe.
 21349 | Orc:2    | Bought a scroll of blinking for 97 gold pieces
 21349 | Orc:2    | Bought a scroll of noise for 13 gold pieces
 21455 | Orc:2    | Found a roughly hewn altar of Beogh.
 21707 | Orc:2    | Found a roughly hewn altar of Beogh.
 21745 | Orc:2    | Found a roughly hewn altar of Beogh.
 21984 | Orc:2    | Found a roughly hewn altar of Beogh.
 21989 | Orc:2    | Found Obiomiuj's General Store.
 22003 | Orc:2    | Bought a scroll of magic mapping for 63 gold pieces
 22003 | Orc:2    | Bought a scroll of teleportation for 54 gold pieces
 22342 | Orc:2    | Noticed an orc warlord
 22428 | Orc:2    | Killed an orc warlord
 22625 | Orc:2    | Noticed an orc warlord
 22836 | Orc:2    | Killed an orc warlord
 23134 | Orc:2    | Found Git Xyit's Antique Armour Emporium.
 23135 | Orc:2    | Found a roughly hewn altar of Beogh.
 23138 | Orc:2    | Found Ikhac's Antique Weapon Shoppe.
 23157 | Orc:2    | Bought a slimy eveningstar for 700 gold pieces
 23206 | Orc:2    | Bought a scroll of identify for 26 gold pieces
 23206 | Orc:2    | Bought a scroll of identify for 26 gold pieces
 23209 | Orc:2    | Identified the +6 eveningstar of the Fray {crush, rC- Int+9 Dex+2 SInv} (You bought it in a shop on level 2 of the Orcish Mines)
 23707 | Orc:1    | Reached skill level 12 in Maces & Flails
 24751 | D:14     | Found a sacrificial altar of Ru.
 25231 | D:14     | Found a shattered altar of Ashenzari.
 25305 | D:14     | Reached skill level 1 in Evocations
 26412 | D:15     | Entered Level 15 of the Dungeon
 26928 | Swamp:1  | Entered Level 1 of the Swamp
 26948 | Swamp:1  | Reached XP level 15. HP: 74/88 MP: 13/24
 27004 | Swamp:1  | Reached skill level 5 in Stealth
 27446 | Swamp:1  | Noticed a thorn hunter
 27466 | Swamp:1  | Killed a thorn hunter
 27802 | Swamp:1  | Got an ancient tin ring
 27814 | Swamp:1  | Identified the ring of Doubts {*Confuse rElec Int-5 Dex+8 SInv} (You found it on level 1 of the Swamp)
 28386 | Swamp:2  | Reached skill level 5 in Evocations
 28740 | Swamp:2  | Reached skill level 10 in Summonings
 28878 | Swamp:2  | Learned a level 6 spell: Shadow Creatures
 29347 | Swamp:3  | Mangled by a spriggan rider

Inventory:

Hand Weapons
 a - a +5 whip of electrocution (weapon)
 b - the +6 eveningstar of the Fray {crush, rC- Int+9 Dex+2 SInv}
   (You bought it in a shop on level 2 of the Orcish Mines)

   It inflicts extra damage upon your enemies.
   It affects your intelligence (+9).
   It affects your dexterity (+2).
   It makes you vulnerable to cold.
   It lets you see invisible.
 B - a +0 blowgun
Missiles
 t - 6 javelins of returning (quivered)
 E - 2 throwing nets
 M - 7 curare-tipped needles
 P - 84 poisoned needles
Armour
 h - a +1 cloak (worn)
 n - a +1 helmet (worn)
 s - a +1 leather armour of fire resistance (worn)
 Q - the +2 leather armour of Intuition {rPois MR+}
   (You found it on level 7 of the Dungeon)

   It protects you from poison.
   It affects your resistance to hostile enchantments.
 T - a +1 pair of gloves (worn)
Magical Staves
 O - an uncursed staff of energy
Jewellery
 c - a ring of protection from cold (left hand)
 o - an uncursed ring of resist corrosion
 r - an amulet of regeneration (around neck)
 u - a +3 ring of protection (right hand)
 x - an uncursed ring of fire
Wands
 v - a wand of teleportation (5/9)
 F - a wand of hasting (9/9)
 G - a wand of disintegration (9/24)
 J - a wand of enslavement (6/24)
 L - a wand of teleportation (7/9)
 R - a wand of polymorph (20/24)
Scrolls
 g - 15 scrolls of remove curse
 A - 3 scrolls of teleportation
 C - 4 scrolls of magic mapping
 K - 3 scrolls of blinking
 V - 2 scrolls of fear
Potions
 d - a potion of magic
 e - 3 potions of ambrosia
 f - 3 potions of haste
 j - 4 potions of heal wounds
 m - a potion of brilliance
 p - a potion of invisibility
 q - 5 potions of lignification
 H - 5 potions of berserk rage
 N - 5 potions of agility
 U - 3 potions of might
 Z - 3 potions of curing
Books
 i - a Grand Grimoire

   Spells                             Type                      Level
   a - Monstrous Menagerie            Summoning                    7
   b - Summon Greater Demon           Summoning                    7
   c - Malign Gateway                 Summoning/Translocation      7
   d - Summon Horrible Things         Summoning                    8
 k - a book of Ice

   Spells                             Type                      Level
   a - Ice Form                       Ice/Transmutation            4
   b - Metabolic Englaciation         Hexes/Ice                    5
   c - Ozocubu's Refrigeration        Ice                          6
   d - Bolt of Cold                   Conjuration/Ice              6
   e - Freezing Cloud                 Conjuration/Ice/Air          6
   f - Simulacrum                     Ice/Necromancy               6
 z - a book of Summonings

   Spells                             Type                      Level
   a - Recall                         Summoning/Translocation      3
   b - Aura of Abjuration             Summoning                    5
   c - Summon Demon                   Summoning                    5
   d - Summon Forest                  Summoning/Translocation      5
   e - Summon Mana Viper              Hexes/Summoning              5
   f - Shadow Creatures               Summoning                    6
 X - Kikubaaqudgha's Collected Works on Stolen Souls
   (Kikubaaqudgha gifted it to you on level 10 of the Dungeon)

   Spells                             Type                      Level
   a - Animate Dead                   Necromancy                   4
   b - Bolt of Draining               Conjuration/Necromancy       5
   c - Agony                          Necromancy                   5
   d - Dispel Undead                  Necromancy                   5
   e - Simulacrum                     Ice/Necromancy               6
Miscellaneous
 l - a phial of floods
 w - a phantom mirror
Comestibles
 y - 6 bread rations
 I - a royal jelly
 W - 5 meat rations


   Skills:
 - Level 8.0 Fighting
 - Level 12.0 Maces & Flails
 - Level 11.2 Dodging
 - Level 5.1 Stealth
 + Level 7.4 Spellcasting
   Level 1.1 Conjurations
 - Level 2.6 Charms
 + Level 10.1 Summonings
 - Level 5.6 Necromancy
 - Level 7.8 Ice Magic
 - Level 5.6 Air Magic
 - Level 5.3 Evocations


You had one spell level left.
You knew the following spells:

 Your Spells              Type           Power        Failure   Level  Hunger
a - Freeze                Ice            ####         1%          1    None
b - Summon Ice Beast      Ice/Summ       #####...     3%          4    ###....
c - Summon Lightning Spi  Summ/Air       #####...     6%          4    ###....
d - Animate Dead          Necr           N/A          12%         4    ###....
e - Animate Skeleton      Necr           N/A          1%          1    None
f - Shadow Creatures      Summ           N/A          30%         6    ######.
o - Ozocubu's Armour      Chrm/Ice       ####....     4%          3    #......
r - Regeneration          Chrm/Necr      ###.......   8%          3    #......
A - Apportation           Tloc           #.........   14%         1    None


Dungeon Overview and Level Annotations

Branches:
Dungeon (15/15)            Temple (1/1) D:5            Lair (6/6) D:10
  Swamp (3/4) Lair:2       Spider (0/4) Lair:4        Slime (0/5) Lair:6
    Orc (2/2) D:12            Elf (0/3) Orc:2        Depths (0/5) D:15
 Vaults: D:13-14

Altars:
Ashenzari
Cheibriados
Dithmenos
Elyvilon
Fedhas
Gozag
Hepliaklqana
Kikubaaqudgha
Makhleb
Nemelex Xobeh
Okawaru
Pakellas
Qazlal
Ru
Trog
Uskayaw
Vehumet
Xom
Yredelemnul
Zin
The Shining One
Beogh

Shops:
D:4 *   D:10 =   Orc:2 **?(

Portals:
Trove: D:10 (give 5 scrolls of blinking)

Annotations:
D:3 Grinder
D:6 mopl's ghost, novice HOWn
D:14 exclusion: oklob plant
Lair:6 dire, Kirke


Innate Abilities, Weirdness & Mutations

You are resistant to torment.
Your stone body is resilient. (AC +11)
You are immune to poison.
Your large and strong wings let you fly indefinitely.
You resist negative energy. (rN+)
You are resistant to electric shocks. (rElec)
You can survive without breathing.
You are immune to petrification.
You are immune to rotting.

Vault maps used:
D:1:      dpeg_arrival_shrine, minmay_misc_feat_diagonals, minmay_crystal_water,
          st_stairs_11
D:3:      led_sif_pool, kennysheep_generic_room_16, uniq_grinder
D:4:      serial_shops, nicolae_shop_temple_entry_statues_fountains
D:5:      gammafunk_temple_overflow_claw, first_bread, lemuel_tele_altar
D:6:      lemuel_crystal_altar, serial_corexii_hall, corexii_hall_statues_x,
          corexii_hall_statues_u
D:7:      grunt_pakellas_mercury
D:8:      david_nohive_1, amethyst_killhole, kennysheep_opposing_triangles
D:9:      enter_bailey_5
D:10:     grunt_lair_entry_orc_guard_hut, enter_trove_1, serial_shops,
          nicolae_shop_behind_doors
D:11:     uniq_josephine
D:12:     orc_david_3
D:13:     grunt_vaults_entry_fortified
D:14:     nicolae_ru_the_path_less_chosen, lemuel_oklob_altar
D:15:     gammafunk_depths_entry_grave, old_standard_altar
Temple:   lightli_temple_of_artemis
Lair:1:   serial_bayou_shore_a, grunt_megastairs_2
Lair:2:   minmay_swamp_entry_swarm
Lair:3:   beast_lair_carwin_large_1, grunt_megastairs_4
Lair:4:   boulder_quad_collide, spider_nest_entry_webs, wad_woods_01,
          lemuel_fruit_tree
Lair:5:   grunt_megastairs_1
Lair:6:   due_jungle_book, slime_dummy, portal_ice_cave_demonic_guard,
          infiniplex_staircase_pool, uniq_kirke
Swamp:1:  evilmike_swamp_ruin_rubble_1, swamp_pool3, nicolae_swamp_snake_nest
Swamp:2:  evilmike_swamp_ruin_rubble_2
Swamp:3:  cheibrodos_swamp_heart_of_darkness, serial_swamp_ruin,
          evilmike_swamp_ruin_house_4, evilmike_swamp_ruin_house_5,
          evilmike_swamp_ruin_house_3, swamp_pool5
Orc:2:    grunt_orc_community_town_hall, grunt_orc_community_big_house_2,
          grunt_orc_community_big_house_2, grunt_orc_community_house_3,
          grunt_orc_community_house_2, grunt_orc_community_house_3,
          grunt_orc_community_house_3, serial_shops, shop, mines4_lemuel
IceCv:    ice_cave_caverns_03


Message History

The cyan ugly thing is almost dead.
You hit the cyan ugly thing.
The cyan ugly thing is almost dead.
The cyan ugly thing splashes around in the water.
You hit the cyan ugly thing.
The cyan ugly thing is almost dead.
Your leather armour prevents you from hitting the cyan ugly thing.
The cyan ugly thing is almost dead.
The cyan ugly thing stings you but does no damage.
You hit the cyan ugly thing.
You kill the cyan ugly thing!
Kikubaaqudgha accepts your kill.
A hornet comes into view.
The hornet buzzes angrily.
You hear a shout!
The hornet misses you. The hornet completely misses you.
A spriggan rider comes into view. It is wielding a spear.
You barely miss the hornet. The hornet closely misses you.
You hit the hornet but do no damage.
Unknown command.
Casting: Ozocubu's Armour
Confirm with . or Enter, or press ? or * to list all spells.
A chill wind blows around you. The hornet misses you.
The hornet barely misses you.
A spriggan rider comes into view. It is wielding a spear of piercing.
Casting: Summon Ice Beast
Confirm with . or Enter, or press ? or * to list all spells.
A chill wind blows around you. The hornet stings you.
Your ice beast hits the hornet but does no damage.
The spriggan rider hits you from afar with a spear.
Unknown command.
Unknown command.
You miss the hornet.
The hornet stings you but does no damage.
You hit the hornet but do no damage. The hornet barely misses you.
The spriggan rider hits you but does no damage.
Your ice beast hits the hornet but does no damage.
You hit the hornet.
The hornet is lightly wounded.
The hornet stings you but does no damage.
A spriggan druid comes into view. It is wielding a quarterstaff.
You whack the hornet!
The hornet is lightly wounded.
The spriggan druid mumbles some strange words.
The forest starts to sway and rumble!
Your ice beast hits the hornet.
Your ice beast freezes the hornet!
The spriggan rider misses you.
Your ice beast hits the hornet.
Your ice beast freezes the hornet!
Unknown command.
You closely miss the hornet.
The hornet is almost dead.
The hornet stings you. The spriggan rider misses you.
Unknown command.
You closely miss the hornet.
The hornet is almost dead.
You feel roots moving beneath the ground.
A tree reaches out and hits your ice beast!
Your ice beast is hit by a branch!
The hornet stings you but does no damage.
The spriggan druid calls out to the beasts of the wild!
The spriggan rider hits you but does no damage.
Your ice beast hits the hornet.
Your ice beast freezes the hornet!
The hornet dies!
Kikubaaqudgha accepts your kill.
You swap places.
The trees move their gnarly branches around.
Your ice beast is hit by a branch!
Your ice beast dies!
You are hit by a branch!
The spriggan rider barely misses you.
The spriggan druid calls out to the beasts of the wild!
The spriggan rider barely misses you.
The spriggan rider hits you but does no damage.
A spriggan druid comes into view. It is wielding a quarterstaff.
The spriggan rider blocks your attack.
Unknown command.
You hit the spriggan rider.
The spriggan rider is lightly wounded.
You are hit by a branch!
The spriggan druid calls out to the beasts of the wild!
The spriggan rider barely misses you.
The spriggan rider hits you but does no damage.
Unknown command.
You closely miss the spriggan rider.
The spriggan rider is lightly wounded.
Unknown command.
Unknown command.
Unknown command.
A swamp drake comes into view.
A tree reaches out and hits your ice beast!
The spriggan druid calls out to the beasts of the wild!
The spriggan rider hits you but does no damage.
The spriggan rider hits you from afar with a spear of piercing!
Your icy armour starts to melt.
Your ice beast is hit by a branch!
Your ice beast dies!
You are hit by a branch!
* * * LOW HITPOINT WARNING * * *
A root smacks you from below.
* * * LOW HITPOINT WARNING * * *
The spriggan rider hits you from afar with a spear!
You die...
Kikubaaqudgha rasps: "You have failed me!
Welcome... oblivion!"

♣♣≈ ♣♣≈≈≈≈ ♣♣♣≈≈≈≈≈. ♣♣♣♣♣
♣♣♣≈≈≈≈....
♣♣♣♣♣≈Z≈♣♣♣♣♣♣♣♣≈≈iii♣
≈≈≈≈≈≈≈≈≈♣♣≈k≈≈≈@§i♣♣♣
≈≈♣♣♣.≈≈≈≈≈≈≈≈≈Z≈♣♣♣ ♣♣♣
♣♣♣.≈≈≈.♣♣♣♣♣♣
♣♣♣♣♣♣♣♣♣♣♣♣♣♣♣
♣≈.≈♣♣..♣♣♣♣≈.♣
≈≈≈.....≈≈≈≈..♣♣ ♣♣♣#
.........≈≈≈...♣ ♣♣ ♣♣.≈.♣
≈...≈≈.≈≈≈≈≈..§♣♣♣≈♣♣♣ ♣.≈≈.
♣♣♣.≈≈≈≈≈≈≈≈≈..≈♣≈..(.♣♣.§♣♣
.


You could see 2 spriggan riders, 2 spriggan druids, a swamp drake and a friendly
human skeleton.

Vanquished Creatures
  An orc warlord (Orc:2)
  4 death yaks
  2 alligators
  An orc high priest (Orc:2)
  An unseen horror (D:14)
  5 skeletal warriors (D:14)
  A swamp dragon (Swamp:2)
  A harpy (D:14)
  3 orc knights
  A griffon (Lair:1)
  10 ugly things
  A cyclops (D:14)
  An ice statue (IceCv)
  3 black mambas
  A centaur zombie (D:13)
  6 spiny frogs
  2 centaur skeletons
  2 komodo dragons
  An ice devil (Lair:6)
  A tengu conjurer (D:13)
  4 trolls
  7 polar bears (IceCv)
  A queen bee (D:8)
  2 two-headed ogres
  2 giant leeches (Swamp:1)
  6 slime creatures
  A bog body (Swamp:1)
  8 blink frogs
  A centaur simulacrum (D:14)
  2 wyverns
  A redback (Lair:4)
  A vampire (D:13)
  30 yaks
  3 spriggans (Lair:4)
  4 hogs (Lair:6)
  6 wraiths
  A hippogriff (Lair:6)
  8 vampire mosquitoes
  6 insubstantial wisps
  7 water moccasins
  2 swamp drakes (Swamp:2)
  7 porcupines
  A porcupine (shapeshifter) (D:13)
  28 orc warriors
  3 phantoms
  3 wasps
  6 ogres (Orc:2)
  A sky beast (D:8)
  9 crocodiles
  19 wolves
  A centaur (D:9)
  3 big kobolds
  11 giant frogs
  4 scorpions
  4 jellies
  6 wights
  13 killer bees
  7 howler monkeys
  4 crimson imps
  A quasit (D:9)
  9 orc priests
  20 orc wizards
  7 hounds
  13 iguanas
  7 worker ants
  4 sheep (D:14)
  2 worker ant zombies
  3 gnolls
  9 adders
  44 river rats
  5 shadow imps
  2 oozes
  2 dart slugs
  A worm (D:2)
  6 giant geckos
  60 orcs
  4 giant cockroaches
  12 goblins
  6 hobgoblins
  A jackal (D:10)
  24 kobolds
  6 quokkas
  3 ball pythons (D:1)
  11 bats
  3 giant newts
  2 quokka skeletons (D:8)
  11 rats
  2 plants (Lair:4)
561 creatures vanquished.

Vanquished Creatures (collateral kills)
  A thorn hunter (Swamp:1)
  An orc warlord (Orc:2)
  A white draconian (IceCv)
  Josephine (D:11)
  13 hydras
  An anaconda (Swamp:1)
  An ogre mage (Orc:2)
  5 alligators
  A death yak (Lair:5)
  4 skeletal warriors
  A wizard (D:14)
  An unseen horror (D:14)
  4 hill giants
  A shambling mangrove (Swamp:2)
  2 orc knights (Orc:2)
  5 orc sorcerers
  A deep elf mage (Orc:2)
  5 ugly things
  A hornet (Swamp:3)
  3 cyclopes (D:11)
  A manticore (D:13)
  4 black mambas
  A gargoyle (D:13)
  3 spiny frogs
  A rime drake (Lair:3)
  An ice devil (Lair:6)
  7 komodo dragons
  4 trolls
  9 polar bears
  3 giant leeches
  A two-headed ogre (D:12)
  4 bog bodies
  11 slime creatures
  8 blink frogs
  3 shadows
  4 spriggans
  2 wyverns
  2 wraiths
  28 yaks
  12 vampire mosquitoes
  5 hippogriffs
  3 basilisks (Lair:3)
  4 insubstantial wisps (Swamp:1)
  5 hungry ghosts
  4 swamp worms
  6 water moccasins
  4 swamp drakes (Swamp:1)
  12 orc warriors
  A wasp (Swamp:2)
  3 black bears
  An ice beast (D:11)
  An eye of draining (D:12)
  15 ogres
  A sky beast (D:10)
  A phantom (D:9)
  2 centaurs
  3 wolves
  4 crocodiles
  7 giant frogs
  2 gnoll sergeants
  3 scorpions
  2 wyvern skeletons
  24 killer bees
  4 howler monkeys
  2 wights
  3 crimson imps
  2 jellies (D:12)
  A giant frog zombie (D:10)
  2 quasits
  A giant frog skeleton (D:12)
  4 orc priests
  4 iguanas
  17 orc wizards
  5 worker ants
  4 sheep (D:11)
  12 gnolls
  3 adders
  32 river rats
  A shadow imp (D:10)
  A worm (D:5)
  A giant gecko (D:7)
  48 orcs
  A ball python (Swamp:1)
  A goblin (D:9)
  A jackal (D:10)
  3 quokkas
  2 bats (D:10)
  A rat (D:10)
  7 fungi
  A plant (Lair:6)
439 creatures vanquished.

Vanquished Creatures (others)
  A polar bear (IceCv)
  A yak (IceCv)
  A mottled dragon (D:14)
  A wolf (IceCv)
  A briar patch (Swamp:1)
  18 fungi
  9 plants
32 creatures vanquished.

Grand Total: 1032 creatures vanquished

Action                   |  1- 3 |  4- 6 |  7- 9 | 10-12 | 13-15 || total
-------------------------+-------+-------+-------+-------+-------++-------
Melee: Unarmed           |     4 |       |       |       |       ||     4
       Dagger            |    46 |    75 |    48 |       |       ||   169
       Trident           |       |       |     8 |       |       ||     8
       Whip              |       |       |   332 |  1065 |  1707 ||  3104
 Cast: Freeze            |    45 |    79 |    33 |     1 |     6 ||   164
       Summon Ice Beast  |       |     1 |    53 |   176 |   183 ||   413
       Animate Skeleton  |       |       |    13 |    56 |    47 ||   116
       Ozocubu's Armour  |       |       |     1 |    11 |    22 ||    34
       Animate Dead      |       |       |       |    28 |    58 ||    86
       Summon Lightning  |       |       |       |     1 |    53 ||    54
       Apportation       |       |       |       |     1 |       ||     1
 Abil: Fly               |       |       |       |       |     3 ||     3
Evoke: Wand              |       |       |     2 |       |     9 ||    11
  Use: Scroll            |       |     5 |    13 |    18 |    20 ||    56
       Potion            |       |       |     2 |       |     5 ||     7
 Stab: Sleeping          |     4 |     4 |     4 |     2 |     3 ||    17
       Distracted        |       |       |     1 |    15 |    20 ||    36
  Eat: Chunk             |     2 |     5 |    10 |    41 |    49 ||   107
       Pizza             |       |     1 |       |     1 |     1 ||     3
       Royal jelly       |       |       |     2 |     3 |       ||     5
       Bread ration      |       |       |     2 |     3 |     2 ||     7
       Meat ration       |       |       |     1 |       |     5 ||     6
       Beef jerky        |       |       |       |     4 |     1 ||     5
       Fruit             |       |       |       |     1 |     2 ||     3
Armor: Robe              |    24 |    62 |    64 |       |       ||   150
       Leather armour    |       |       |   177 |   559 |   508 ||  1244
Dodge: Dodged            |    50 |    78 |   280 |   627 |   833 ||  1868

Action                   |  1- 3 |  4- 6 |  7- 9 | 10-12 | 13-15 || total
-------------------------+-------+-------+-------+-------+-------++-------
Melee: Unarmed           |     4 |       |       |       |       ||     4
       Dagger            |    46 |    75 |    48 |       |       ||   169
       Trident           |       |       |     8 |       |       ||     8
       Whip              |       |       |   332 |  1065 |  1707 ||  3104
 Cast: Freeze            |    45 |    79 |    33 |     1 |     6 ||   164
       Summon Ice Beast  |       |     1 |    53 |   176 |   183 ||   413
       Animate Skeleton  |       |       |    13 |    56 |    47 ||   116
       Ozocubu's Armour  |       |       |     1 |    11 |    22 ||    34
       Animate Dead      |       |       |       |    28 |    58 ||    86
       Summon Lightning  |       |       |       |     1 |    53 ||    54
       Apportation       |       |       |       |     1 |       ||     1
 Abil: Fly               |       |       |       |       |     3 ||     3
Evoke: Wand              |       |       |     2 |       |     9 ||    11
  Use: Scroll            |       |     5 |    13 |    18 |    20 ||    56
       Potion            |       |       |     2 |       |     5 ||     7
 Stab: Sleeping          |     4 |     4 |     4 |     2 |     3 ||    17
       Distracted        |       |       |     1 |    15 |    20 ||    36
  Eat: Chunk             |     2 |     5 |    10 |    41 |    49 ||   107
       Pizza             |       |     1 |       |     1 |     1 ||     3
       Royal jelly       |       |       |     2 |     3 |       ||     5
       Bread ration      |       |       |     2 |     3 |     2 ||     7
       Meat ration       |       |       |     1 |       |     5 ||     6
       Beef jerky        |       |       |       |     4 |     1 ||     5
       Fruit             |       |       |       |     1 |     2 ||     3
Armor: Robe              |    24 |    62 |    64 |       |       ||   150
       Leather armour    |       |       |   177 |   559 |   508 ||  1244
Dodge: Dodged            |    50 |    78 |   280 |   627 |   833 ||  1868
